BSA
KANSAS CITY KINGS @ ST CHARLES SHEENS
07/24/2024
 
TOP OF THE 1ST
Kansas City Kings batting - Pitching for St Charles Sheens : RHP Oscar Wheeler
Pitching: RHP Oscar Wheeler
Batting: RHB Adrian Prouse 0-0: Ball
1-0: Called Strike
1-1: Swinging Strike
1-2: Foul Ball, location: 2F
1-2: Strikes out swinging
Batting: LHB Marc Nichols 0-0: Ground out 6-3 (Groundball, 6)
Batting: RHB Toshimichi Kono 0-0: Ball
1-0: Called Strike
1-1: Foul Ball, location: 2F
1-2: Ground out 4-3 (Groundball, 4)
Top of the 1st over - 0 run(s), 0 hit(s), 0 error(s), 0 left on base; Kansas City 0 - St Charles 0
BOTTOM OF THE 1ST
St Charles Sheens batting - Pitching for Kansas City Kings : LHP Jesús López
Pitching: LHP Jesús López
Batting: LHB Marcos Cantú 0-0: Foul Ball, location: 2F
0-1: Foul Ball, location: 2F
0-2: Fly out, F8 (Flyball, 8RS)
Batting: RHB Kel Pierce 0-0: Foul Ball, location: 2F
0-1: Ball
1-1: Called Strike
1-2: Foul Ball, location: 2F
1-2: Strikes out swinging
Batting: RHB Alfredo Rivera 0-0: Called Strike
0-1: Swinging Strike
0-2: Ball
1-2: Strikes out swinging
Bottom of the 1st over - 0 run(s), 0 hit(s), 0 error(s), 0 left on base; Kansas City 0 - St Charles 0
TOP OF THE 2ND
Kansas City Kings batting - Pitching for St Charles Sheens : RHP Oscar Wheeler
Batting: LHB Vic Robertson 0-0: Foul Ball, location: 2F
0-1: Ball
1-1: Foul Ball, location: 2F
1-2: Hit by Pitch
Batting: SHB Finley Frogley 0-0: Ball
1-0: Ball
2-0: Grounds into double play, 3-6-1 (Groundball, 3)
Batting: RHB Domingo Ávila 0-0: Ball
1-0: Ball
2-0: Ball
3-0: Foul Ball, location: 2F
3-1: Called Strike
3-2: Strikes out looking
Top of the 2nd over - 0 run(s), 0 hit(s), 0 error(s), 0 left on base; Kansas City 0 - St Charles 0
BOTTOM OF THE 2ND
St Charles Sheens batting - Pitching for Kansas City Kings : LHP Jesús López
Batting: LHB Bob Ware 0-0: Foul Ball, location: 2F
0-1: Swinging Strike
0-2: Foul Ball, location: 2F
0-2: SINGLE (Line Drive, 7LS)
Batting: RHB Judson Backstrom 0-0: Called Strike
0-1: Called Strike
0-2: Fly out, F7 (Flyball, 7S)
Batting: RHB Júlio Hernández 0-0: Called Strike
0-1: Ball
1-1: Ball
2-1: Ball
3-1: Base on Balls
Bob Ware to second
Pitching: RHP Kyoshi Asano
Batting: RHB Júlio Figueroa 0-0: Fly out, F7 (Flyball, 78XD)
Runner from 2nd tags up, SAFE at 3rd, no throw
Batting: LHB Jeff Carter 0-0: Called Strike
0-1: Foul Ball, location: 2F
0-2: Ball
1-2: Ball
2-2: Ball
3-2: Foul Ball, location: 2F
3-2: Foul Ball, location: 2F
3-2: DOUBLE (Line Drive, 9LM)
Bob Ware scores
Júlio Hernández to third
Júlio Hernández scores
Batting: SHB Richard Bowman 0-0: Called Strike
0-1: Ball
1-1: Called Strike
1-2: Fly out, F3 (Line Drive, 3)
Bottom of the 2nd over - 2 run(s), 2 hit(s), 0 error(s), 1 left on base; Kansas City 0 - St Charles 2
TOP OF THE 3RD
Kansas City Kings batting - Pitching for St Charles Sheens : RHP Oscar Wheeler
Batting: RHB Steve Brown 0-0: Ground out 6-3 (Groundball, 6)
Batting: LHB Matt Smith 0-0: Ball
1-0: DOUBLE (Line Drive, 3D)
Batting: RHB Matt Richards 0-0: Called Strike
0-1: Swinging Strike
0-2: Ball
1-2: Strikes out swinging
Batting: RHB Adrian Prouse 0-0: Called Strike
0-1: Swinging Strike
0-2: Ball
1-2: Strikes out swinging
Top of the 3rd over - 0 run(s), 1 hit(s), 0 error(s), 1 left on base; Kansas City 0 - St Charles 2
BOTTOM OF THE 3RD
St Charles Sheens batting - Pitching for Kansas City Kings : RHP Kyoshi Asano
Batting: LHB Marcos Cantú 0-0: Called Strike
0-1: Fly out, F8 (Flyball, 8LXD)
Batting: RHB Kel Pierce 0-0: Foul Ball, location: 2F
0-1: SINGLE (Line Drive, 6MD)
Batting: RHB Alfredo Rivera 0-0: Ball
1-0: Foul Ball, location: 2F
1-1: Ball
2-1: Fly out, F6 (Line Drive, 6)
Batting: LHB Bob Ware 0-0: Foul Ball, location: 2F
0-1: Foul Ball, location: 2F
0-2: Ball
Kel Pierce steals 2nd base
1-2: Ground out 4-3 (Groundball, 4)
Bottom of the 3rd over - 0 run(s), 1 hit(s), 0 error(s), 1 left on base; Kansas City 0 - St Charles 2
TOP OF THE 4TH
Kansas City Kings batting - Pitching for St Charles Sheens : RHP Oscar Wheeler
Batting: LHB Marc Nichols 0-0: Ball
1-0: SINGLE (Groundball, 6M)
Batting: RHB Toshimichi Kono 0-0: Called Strike
0-1: Foul Ball, location: 2F
0-2: Fly out, F6 (Line Drive, 6)
Batting: LHB Vic Robertson 0-0: Called Strike
0-1: Swinging Strike
0-2: Ball
1-2: Strikes out swinging
Batting: SHB Finley Frogley 0-0: Ball
1-0: Swinging Strike
1-1: Ball
2-1: Ball
3-1: Called Strike
3-2: Foul Ball, location: 2F
3-2: Strikes out swinging
Top of the 4th over - 0 run(s), 1 hit(s), 0 error(s), 1 left on base; Kansas City 0 - St Charles 2
BOTTOM OF THE 4TH
St Charles Sheens batting - Pitching for Kansas City Kings : RHP Kyoshi Asano
Batting: RHB Judson Backstrom 0-0: Swinging Strike
0-1: Foul Ball, location: 2F
0-2: Ball
1-2: Strikes out swinging
Batting: RHB Júlio Hernández 0-0: Ball
1-0: TRIPLE (Line Drive, 89D)
Batting: RHB Júlio Figueroa 0-0: SINGLE (Line Drive, 56D)
Júlio Hernández scores
Batting: LHB Jeff Carter 0-0: Swinging Strike
0-1: Called Strike
0-2: Fly out, F7 (Flyball, 7M)
Batting: SHB Richard Bowman 0-0: Foul Ball, location: 2F
0-1: SINGLE (Flyball, 9LS)
Júlio Figueroa to second
Runner from 2nd tries for 3rd, SAFE, throw made to third
Batting: LHB Marcos Cantú 0-0: Ball
1-0: Foul Ball, location: 2F
1-1: Foul Ball, location: 2F
1-2: Ball
2-2: Foul Ball, location: 2F
2-2: Fly out, F7 (Flyball, 7M)
Bottom of the 4th over - 1 run(s), 3 hit(s), 0 error(s), 2 left on base; Kansas City 0 - St Charles 3
TOP OF THE 5TH
Kansas City Kings batting - Pitching for St Charles Sheens : RHP Oscar Wheeler
Batting: RHB Domingo Ávila 0-0: Called Strike
0-1: Ball
1-1: Foul Ball, location: 2F
1-2: Ground out 5-3 (Groundball, 5)
Batting: RHB Steve Brown 0-0: Called Strike
0-1: Foul Ball, location: 2F
0-2: SINGLE (Line Drive, 4)
Batting: LHB Matt Smith 0-0: Called Strike
0-1: Foul Ball, location: 2F
0-2: Ball
1-2: Foul Ball, location: 2F
1-2: Ball
2-2: Foul Ball, location: 2F
2-2: Foul Ball, location: 2F
2-2: Ball
3-2: Strikes out swinging
Batting: RHB Matt Richards 0-0: Ball
1-0: Called Strike
1-1: Swinging Strike
1-2: Strikes out looking
Top of the 5th over - 0 run(s), 1 hit(s), 0 error(s), 1 left on base; Kansas City 0 - St Charles 3
BOTTOM OF THE 5TH
St Charles Sheens batting - Pitching for Kansas City Kings : RHP Kyoshi Asano
Pitching: RHP Juan Reyes
Batting: RHB Kel Pierce 0-0: Called Strike
0-1: Foul Ball, location: 2F
0-2: Foul Ball, location: 2F
0-2: Ball
1-2: Ball
2-2: Foul Ball, location: 2F
2-2: Ground out 6-3 (Groundball, 6M)
Batting: RHB Alfredo Rivera 0-0: Ball
1-0: Ball
2-0: Ground out 6-3 (Groundball, 56)
Batting: LHB Bob Ware 0-0: Ball
1-0: Ball
2-0: Ball
3-0: Base on Balls
Batting: RHB Judson Backstrom 0-0: Ball
1-0: Foul Ball, location: 2F
1-1: Fly out, F9 (Flyball, 9LM)
Bottom of the 5th over - 0 run(s), 0 hit(s), 0 error(s), 1 left on base; Kansas City 0 - St Charles 3
TOP OF THE 6TH
Kansas City Kings batting - Pitching for St Charles Sheens : RHP Oscar Wheeler
Batting: RHB Adrian Prouse 0-0: Called Strike
0-1: Ball
1-1: Swinging Strike
1-2: Ball
2-2: Foul Ball, location: 2F
2-2: Strikes out swinging
Batting: LHB Marc Nichols 0-0: Ball
1-0: Swinging Strike
1-1: Swinging Strike
1-2: Strikes out swinging, 2-3 out at first.
Batting: RHB Toshimichi Kono 0-0: Called Strike
0-1: Ball
1-1: Foul Ball, location: 2F
1-2: Ground out 5-3 (Groundball, 5)
Top of the 6th over - 0 run(s), 0 hit(s), 0 error(s), 0 left on base; Kansas City 0 - St Charles 3
BOTTOM OF THE 6TH
St Charles Sheens batting - Pitching for Kansas City Kings : RHP Juan Reyes
Batting: RHB Júlio Hernández 0-0: Ball
1-0: Ball
2-0: Ball
3-0: Called Strike
3-1: SINGLE (Line Drive, 4M)
Batting: RHB Júlio Figueroa 0-0: Fly out, F6 (Line Drive, 6M)
Batting: LHB Jeff Carter 0-0: Called Strike
0-1: Grounds into double play, 1-6-3 (Groundball, 13)
Bottom of the 6th over - 0 run(s), 1 hit(s), 0 error(s), 0 left on base; Kansas City 0 - St Charles 3
TOP OF THE 7TH
Kansas City Kings batting - Pitching for St Charles Sheens : RHP Oscar Wheeler
Batting: LHB Vic Robertson 0-0: Swinging Strike
0-1: Ball
1-1: Ball
2-1: Ball
3-1: Called Strike
3-2: Foul Ball, location: 2F
3-2: SOLO HOME RUN (Flyball, 89XD), Distance : 419 ft
Batting: SHB Finley Frogley 0-0: Ground out U3 (Groundball, 3)
Batting: RHB Domingo Ávila 0-0: Called Strike
0-1: Swinging Strike
0-2: Strikes out swinging
Batting: RHB Steve Brown 0-0: Called Strike
0-1: Foul Ball, location: 2F
0-2: Foul Ball, location: 2F
0-2: Strikes out swinging
Top of the 7th over - 1 run(s), 1 hit(s), 0 error(s), 0 left on base; Kansas City 1 - St Charles 3
BOTTOM OF THE 7TH
St Charles Sheens batting - Pitching for Kansas City Kings : RHP Juan Reyes
Pitching: RHP Felipe Rodríguez
Batting: SHB Richard Bowman 0-0: Foul Ball, location: 2F
0-1: Foul Ball, location: 2F
0-2: Ball
1-2: Fly out, F8 (Flyball, 8LM)
Batting: LHB Marcos Cantú 0-0: Fly out, F8 (Flyball, 8LD)
Batting: RHB Kel Pierce 0-0: Ball
1-0: Foul Ball, location: 2F
1-1: Ball
2-1: Ball
3-1: Base on Balls
Batting: RHB Alfredo Rivera 0-0: Ball
1-0: Swinging Strike
1-1: Ball
2-1: Ball
3-1: Fly out, F5 (Line Drive, 5)
Bottom of the 7th over - 0 run(s), 0 hit(s), 0 error(s), 1 left on base; Kansas City 1 - St Charles 3
TOP OF THE 8TH
Kansas City Kings batting - Pitching for St Charles Sheens : RHP Oscar Wheeler
Batting: LHB Matt Smith 0-0: Called Strike
0-1: SOLO HOME RUN (Line Drive, 89XD), Distance : 438 ft
Batting: RHB Matt Richards 0-0: Foul Ball, location: 2F
0-1: Swinging Strike
0-2: Ground out 4-3 (Groundball, 4M)
Batting: RHB Adrian Prouse 0-0: Called Strike
0-1: Foul Ball, location: 2F
0-2: Strikes out swinging
Batting: LHB Marc Nichols 0-0: Swinging Strike
0-1: Ball
1-1: Foul Ball, location: 2F
1-2: Ball
2-2: Ball
3-2: Foul Ball, location: 2F
3-2: SINGLE (Groundball, 4MD)
Pitching: LHP Rubén Martínez
Batting: RHB Toshimichi Kono 0-0: Ball
1-0: Foul Ball, location: 2F
1-1: Foul Ball, location: 2F
1-2: Foul Ball, location: 2F
1-2: Ground out U3 (Groundball, 3)
Top of the 8th over - 1 run(s), 2 hit(s), 0 error(s), 1 left on base; Kansas City 2 - St Charles 3
BOTTOM OF THE 8TH
St Charles Sheens batting - Pitching for Kansas City Kings : RHP Felipe Rodríguez
Batting: LHB Bob Ware 0-0: Ball
1-0: Ball
2-0: Foul Ball, location: 2F
2-1: Fly out, F9 (Line Drive, 9D)
Batting: RHB Judson Backstrom 0-0: Foul Ball, location: 2F
0-1: Foul Ball, location: 2F
0-2: Fly out, F3 (Popup, 3F)
Batting: RHB Júlio Hernández 0-0: Fly out, F8 (Flyball, 8RXD)
Bottom of the 8th over - 0 run(s), 0 hit(s), 0 error(s), 0 left on base; Kansas City 2 - St Charles 3
TOP OF THE 9TH
Kansas City Kings batting - Pitching for St Charles Sheens : LHP Rubén Martínez
Pitching: RHP Juan Rivera
Batting: LHB Vic Robertson 0-0: Ball
1-0: Foul Ball, location: 2F
1-1: Ball
2-1: Ground out 4-3 (Groundball, 4)
Batting: SHB Finley Frogley 0-0: Ball
1-0: Ball
2-0: Foul Ball, location: 2F
2-1: Foul Ball, location: 2F
2-2: Strikes out swinging
Pinch Hitting: RHB Shigemasa Ishida 0-0: Ball
1-0: Called Strike
1-1: Fly out, F6 (Popup, 5DF)
Top of the 9th over - 0 run(s), 0 hit(s), 0 error(s), 0 left on base; Kansas City 2 - St Charles 3
This league is powered by Out of the Park Baseball, the baseball management simulation game for PC, Mac and Linux
Saturday, April 9th, 2016 - OOTP Baseball 16.8 Build 38